Map: Winter's Gate LE

Players

procras - Winner!

  • Race: Terran Terran
  • League: Silver
  • Spawn Location: 5:00

Djorn

  • Race: Protoss Protoss
  • League: Silver
  • Spawn Location: 11:00

VOD

Have the link to the VOD?

Description

Time

  • Played on: Aug. 27, 2019, 1 a.m.
  • Length: 15:30
Show
View Real Time Build Order
Export as new Build Order

procras Terran - Winner!

Build Orders:  

Get SALT Encoding   

  12  0:01  SCV  
  13  0:13  SCV  
  14  0:19  Supply Depot  
  14  0:25  SCV  
  15  0:40  SCV  
  16  0:44  Barracks  
  16  0:52  SCV  
  16  0:56  Refinery  
  17  1:05  SCV  
  17  1:07  Refinery  
  18  1:17  SCV  
  19  1:29  SCV  
  20  1:33  Marine  
  20  1:38  Supply Depot  
  21  2:01  Barracks  
  21  2:06  Command Center  
  21  2:08  Marine  
  21  2:14  SCV  
  23  2:26  Marine, SCV  
  25  2:49  Barracks Tech Lab, Factory  
  25  2:52  SCV  
  26  3:04  SCV  
  27  3:08  Barracks Reactor  
  27  3:10  Reaper  
  29  3:20  SCV  
  29  3:24  Stimpack  
  29  3:42  Supply Depot  
  29  3:48  Starport  
  29  3:55  Factory Tech Lab  
  29  3:57  Marine x2  
  31  4:07  Barracks  
  31  4:11  SCV  
  31  4:15  Marine x2  
  31  4:16  Refinery  
  34  4:18  Orbital Command  
  34  4:23  SCV  
  35  4:33  Medivac, Marine x2  
  35  4:36  SCV  
  40  4:38  Barracks  
  40  4:47  Siege Tank  
  40  4:48  SCV  
  40  4:51  Marine x2  
  46  4:58  SCV  
  47  5:00  SCV  
  47  5:03  Combat Shield  
  48  5:10  Barracks Reactor, SCV  
  48  5:12  SCV  
  50  5:15  Engineering Bay  
  50  5:22  SCV  
  50  5:24  SCV  
  52  5:28  Medivac  
  54  5:36  Supply Depot  
  54  5:41  Barracks Tech Lab  
  54  5:53  Orbital Command  
  54  5:57  Siege Tank, SCV  
  54  5:59  Supply Depot  
  54  6:00  Refinery  
  58  6:08  Marine  
  58  6:09  SCV, Marine  
  61  6:15  Marine  
  62  6:21  Marine, Terran Infantry Weapons Level 1  
  62  6:22  Supply Depot  
  63  6:26  Marine x2  
  63  6:30  Supply Depot  
  65  6:33  Starport Tech Lab, Marine  
  65  6:38  Marine  
  67  6:44  Marine x2  
  71  6:47  Marauder  
  71  6:51  Marine  
  71  6:52  Supply Depot  
  66  6:56  Marine  
  59  7:02  Marine x2  
  63  7:08  Marauder  
  63  7:09  Marine  
  63  7:14  Marine  
  42  7:48  Marine x2  
  42  7:50  Marauder  
  44  7:52  Marauder  
  44  7:53  Marine x2  
  44  7:56  Orbital Command  
  48  8:06  Marine x2  
  48  8:11  Marine x2  
  48  8:12  Marauder  
  54  8:14  Marauder  
  56  8:21  SCV  
  56  8:24  Marine x2  
  59  8:29  Marine x2  
  59  8:33  Marauder, SCV  
  64  8:34  SCV  
  64  8:35  Marauder  
  67  8:41  Marine  
  67  8:42  Marine  
  67  8:43  Siege Tank  
  67  8:45  SCV  
  67  8:46  SCV  
  74  8:49  Medivac  
  74  8:54  Marauder  
  78  8:56  Marauder  
  78  8:58  SCV x2  
  82  9:10  SCV x2  
  82  9:15  Siege Tank  
  82  9:16  Marauder  
  89  9:22  Terran Infantry Armor Level 1, SCV  
  90  9:31  Medivac  
  92  9:33  Engineering Bay  
  92  9:43  SCV  
  93  9:53  Supply Depot  
  93  9:55  SCV  
  94  10:00  Armory  
  94  10:09  Concussive Shells  
  94  10:14  Medivac, SCV, Marine x3  
  94  10:15  Marauder, Supply Depot  
  102  10:37  Marauder, SCV, Marine x4  
  102  10:39  Supply Depot  
  109  10:43  Refinery  
  109  10:46  Refinery  
  109  10:49  SCV  
  110  10:53  Supply Depot  
  110  11:00  Supply Depot, Raven, Marine x4  
  110  11:01  Marauder, Terran Vehicle And Ship Armor Level 1  
  110  11:02  Terran Infantry Weapons Level 2  
  118  11:15  SCV  
  118  11:16  Supply Depot  
  118  11:18  Marine x4  
  123  11:24  Supply Depot  
  123  11:27  SCV  
  124  11:33  Command Center  
  124  11:36  Marine  
  124  11:39  SCV  
  125  11:42  Liberator  
  128  12:06  Fusion Core  
  128  12:14  SCV  
  129  12:18  Terran Infantry Armor Level 2  
  129  12:25  Liberator  
  129  12:26  SCV  
  133  12:53  Refinery  
  113  13:27  Advanced Ballistics  
  113  13:37  SCV  
  114  13:45  Refinery  
  114  13:49  SCV  
  115  14:01  SCV  
  116  14:13  SCV  
  117  14:25  SCV  
Show
View Real Time Build Order
Export as new Build Order

Djorn Protoss 

Build Orders:  

Get SALT Encoding   

  12  0:01  Probe  
  13  0:13  Probe  
  14  0:23  Pylon  
  14  0:27  Probe  
  15  0:45  Gateway  
  15  0:47  Probe  
  15  0:55  Probe  
  17  1:04  Assimilator  
  17  1:09  Assimilator  
  17  1:12  Probe  
  18  1:24  Probe  
  19  1:36  Probe  
  19  2:07  Probe  
  20  2:19  Probe  
  21  2:23  Cybernetics Core  
  21  2:25  Pylon  
  21  2:31  Gateway, Probe  
  22  2:44  Probe  
  23  2:56  Pylon  
  23  2:59  Pylon  
  23  3:00  Warp Gate  
  23  3:02  Pylon  
  23  3:07  Stalker  
  23  3:09  Pylon  
  23  3:13  Pylon  
  23  3:19  Pylon  
  25  3:31  Probe  
  26  3:35  Stalker  
  26  3:38  Robotics Facility  
  28  3:43  Gateway, Probe  
  28  3:45  Gateway  
  29  3:59  Probe  
  30  4:08  Adept  
  32  4:11  Probe  
  33  4:21  Observer  
  34  4:38  Adept  
  36  4:39  Immortal  
  36  4:42  Pylon  
  40  4:59  Stalker x2  
  44  5:01  Stalker  
  46  5:13  Gateway  
  46  5:14  Gateway  
  46  5:16  Pylon  
  46  5:32  Adept x2  
  46  5:34  Adept  
  52  5:36  Adept  
  58  6:06  Warp Prism  
  56  6:23  Zealot x2  
  60  6:33  Zealot x2  
  60  6:35  Stalker  
  60  6:36  Stalker  
  68  7:00  Zealot x5  
  66  7:19  Stalker  
  58  7:36  Zealot x2  
  58  7:37  Zealot x3  
  52  7:44  Zealot  
  46  7:57  Immortal  
  48  8:22  Robotics Bay  
  48  8:53  Immortal  
  52  9:22  Colossus  
  58  9:51  Nexus  
  58  10:03  Colossus  
  58  10:10  Stargate  
  64  10:55  Immortal  
  64  10:57  Phoenix  
  70  11:20  Phoenix  
  72  11:28  Disruptor  
  75  11:45  Phoenix  
  49  13:08  Zealot x2  
  49  13:09  Zealot x2  
  52  13:40  Colossus  
  52  13:41  Stalker  
  52  13:42  Stalker x3  
  52  13:47  Void Ray  
  43  14:30  Void Ray  
  34  15:23  Zealot x2  
  34  15:24  Zealot x2  
Tags
 
Matchup
PvT
Replay Pack
sc2replays
Spawn Locations
Cross Positions
Add a new tag
Caveats
  • Supply blocks, unpowered buildings, or Contaminate may cause inaccurate times.
  • Supply counts are checked every 10 seconds.